 Dungeon Crawl Stone Soup version 0.30-a0-879-ga8ba668304 (webtiles) character file.

Game seed: 17588137780120568377

861 cforsyth the Trooper (level 8, -1/67 HPs)
             Began as a Barachi Fighter on Mar 13, 2023.
             Was a Follower of Cheibriados.
             Slain by Pikel
             ... wielding a +1 whip of electrocution
              (17 damage)
             ... on level 5 of the Dungeon.
             The game lasted 00:06:06 (3710 turns).

cforsyth the Trooper (Barachi Fighter)              Turns: 3710, Time: 00:06:07

Health: -1/67      AC:  0    Str: 22    XL:     8   Next: 2%
Magic:  8/8        EV: 13    Int: 12    God:    Cheibriados [*.....]
Gold:   306        SH:  5    Dex: 15    Spells: 7/7 levels left

rFire   . . .      SeeInvis .    a - melded +0 war axe
rCold   . . .      Faith    .    c - melded +0 buckler
rNeg    . . .      Spirit   .    q - melded +0 plate armour
rPois   .          Reflect  +    (helmet currently unavailable)
rElec   .          Rampage  .    C - melded +1 cloak
rCorr   .                        k - melded +0 pair of gloves
Will    .....                    (boots currently unavailable)
Stlth   +                        o - amulet of reflection
HPRegen 0.31/turn                j - melded +5 ring of evasion
MPRegen 0.11/turn                g - melded +6 ring of strength

@: pig-form, slow
A: fast, no casting, (amphibious), small, (slowness 1), (strong legs 1), +LOS
a: Renounce Religion, Bend Time


You were on level 5 of the Dungeon.
You worshipped Cheibriados.
Cheibriados was aware of your devotion.
You were a filthy swine.
You visited 2 branches of the dungeon, and saw 6 of its levels.

You collected 306 gold pieces.

Inventory:

Hand Weapons
 a - a +0 war axe (melded)
Armour
 c - a +0 buckler (melded)
 k - a +0 pair of gloves (melded)
 q - a +0 plate armour (melded)
 C - a +1 cloak (melded)
Jewellery
 g - a +6 ring of strength (melded)
 j - a +5 ring of evasion (melded)
 o - an amulet of reflection (around neck)
 s - a ring of flight
Wands
 b - a wand of digging (4)
 y - a wand of quicksilver (13)
 A - a wand of charming (4)
 E - a wand of iceblast (6)
Scrolls
 e - 3 scrolls of immolation {unknown}
 f - 2 scrolls of teleportation
 h - 3 scrolls of silence {unknown}
 i - 4 scrolls of identify {unknown}
 l - 2 scrolls of noise {unknown}
 m - 2 scrolls of blinking {unknown}
 n - a scroll of fog {unknown}
 r - 2 scrolls of enchant armour {unknown}
 x - a scroll of fear {unknown}
 B - a scroll of torment {unknown}
 F - a scroll of poison {unknown}
Potions
 d - a potion of might
 p - a potion of attraction {unknown}
 t - 3 potions of ambrosia {unknown}
 u - a potion of degeneration {unknown}
 v - 3 potions of curing {unknown}
 w - a potion of heal wounds {unknown}
 z - a potion of cancellation {unknown}
 D - a potion of mutation {unknown}
 G - a potion of berserk rage {unknown}


   Skills:
 + Level 7.4 Fighting
 - Level 3.9 Axes
 + Level 7.3 Armour
 - Level 4.6 Shields


You had 7 spell levels left.
You didn't know any spells.
Your spell library was empty.

Dungeon Overview and Level Annotations

Branches:
Dungeon (5/15)             Temple (1/1) D:4

Altars:
Ashenzari
Cheibriados
Dithmenos
Gozag
Hepliaklqana
Kikubaaqudgha
Makhleb
Nemelex Xobeh
Okawaru
Qazlal
Sif Muna
Trog
Vehumet
Wu Jian
Xom
Yredelemnul
Zin
The Shining One

Shops:
D:5 ([

Annotations:
D:3 1 runed translucent door, Crazy Yiuf
D:5 Pikel


Innate Abilities, Weirdness & Mutations

You are a filthy swine.
You move quickly.
Your equipment is almost entirely melded.
You are incapable of wielding weapons or throwing items.
You cannot cast spells.
((You are amphibious.))
((You cover ground slowly.))
((You can hop short distances.))
You have an extended range of vision and can be seen from far away.


Message History

Pikel is heavily wounded.
Pikel hits you with a +1 whip of electrocution!
You barely miss Pikel.
Pikel is heavily wounded.
Pikel hits you with a +1 whip of electrocution!
You hit Pikel.
Pikel is heavily wounded.
Pikel hits you with a +1 whip of electrocution!
You are electrocuted!
You are too injured to fight recklessly!
You are too injured to fight recklessly!
You are too injured to fight recklessly!
You are too injured to fight recklessly!
You are too injured to fight recklessly!
You hit Pikel.
Pikel is heavily wounded.
Pikel misses you.
You hit Pikel but do no damage.
Pikel is heavily wounded.
You block Pikel's attack.
You barely miss Pikel.
Pikel is heavily wounded.
You hit Pikel but do no damage.
Pikel is heavily wounded.
Pikel misses you.
You closely miss Pikel.
Pikel is heavily wounded.
Pikel barely misses you.
You hit Pikel but do no damage.
Pikel is heavily wounded.
You block Pikel's attack.
You hit Pikel.
Pikel is severely wounded.
Pikel misses you.
You closely miss Pikel.
Pikel is severely wounded.
Pikel hits you with a +1 whip of electrocution!
* * * LOW HITPOINT WARNING * * *
You are electrocuted!
You die...

.## ##..## #.## ⌠#
##..# ##.# .# ##.#
#..# .# #.## #..## .#
#..###...# .#
##..##...# .... #
###.##...##
..#.....####....K....#
..# # #.<.......h....#
.. #####.........##
.#..### ##........# .#
..# #.####...+ .# #.#
#.# #...# .# #.#
####.# #..... .# #.#
#....# #....... .#
#.###.#### #.####..#
.# #.....## #.# #$.


You could see Pikel.

Vanquished Creatures
  Grinder (D:3)
  2 ogres (D:4)
  3 scorpions
  2 howler monkeys (D:4)
  A hound (D:4)
  A jelly (D:4)
  An orc wizard (D:4)
  Ijyb (D:4)
  2 gnolls
  3 adders
  2 worms (D:4)
  2 dart slugs
  11 orcs
  7 ball pythons
  6 endoplasms
  4 giant cockroaches
  6 goblins
  8 hobgoblins
  2 jackals (D:2)
  6 kobolds
  A quokka (D:1)
  2 bats (D:1)
  3 frilled lizards
  4 rats
81 creatures vanquished.

Vanquished Creatures (others)
  2 fungi (D:3)
  7 plants
9 creatures vanquished.

Grand Total: 90 creatures vanquished

Notes
Turn   | Place    | Note
-------+----------+-------------------------------------------
     0 | D:1      | cforsyth the Barachi Fighter began the quest for the Orb.
     0 | D:1      | Reached XP level 1. HP: 18/18 MP: 1/1
   265 | D:1      | Reached XP level 2. HP: 24/25 MP: 2/2
   656 | D:1      | Reached XP level 3. HP: 28/30 MP: 3/3
  1675 | D:3      | Found a burning altar of Makhleb.
  1710 | D:3      | Reached XP level 4. HP: 31/38 MP: 4/4
  1994 | D:3      | Noticed Grinder
  2003 | D:3      | Paralysed by Grinder for 4 turns
  2012 | D:3      | Paralysed by Grinder for 4 turns
  2017 | D:3      | HP: 1/38 [Grinder/nerve-wracking pain (13)]
  2018 | D:3      | Killed Grinder
  2019 | D:3      | Reached skill level 5 in Fighting
  2019 | D:3      | Reached skill level 5 in Armour
  2019 | D:3      | Reached XP level 5. HP: 2/44 MP: 5/5
  2019 | D:3      | Reached XP level 6. HP: 2/51 MP: 6/6
  2271 | D:3      | Found a runed translucent door.
  2272 | D:3      | Noticed Crazy Yiuf
  2296 | D:4      | Found a staircase to the Ecumenical Temple.
  2302 | Temple   | Entered the Ecumenical Temple
  2426 | Temple   | Became a worshipper of Cheibriados the Contemplative
  2680 | D:4      | Reached XP level 7. HP: 56/58 MP: 7/7
  2959 | D:4      | Reached * piety under Cheibriados
  3286 | D:4      | Noticed Ijyb
  3296 | D:4      | Killed Ijyb
  3360 | D:5      | Entered Level 5 of the Dungeon
  3366 | D:5      | Identified the +1 falchion of Psychosis {flame, Fragile
                  | Dex+7}
  3396 | D:5      | Found Sug Layc's Armour Emporium.
  3412 | D:5      | Found Woucrey's Weapon Emporium.
  3501 | D:5      | Noticed Pikel
  3546 | D:5      | Reached XP level 8. HP: 45/67 MP: 8/8
  3710 | D:5      | Slain by Pikel

Illustrated notes

Levels and vault maps discovered:
D:1:      amcnicky_arrival_blooded_trapdoor, layout_loops_corners,
          kennysheep_minor_cross
D:2:      layout_basic
D:3:      layout_rooms, mainiacjoe_overflow_boulevard, uniq_grinder,
          uniq_crazy_yiuf_cottage
D:4:      minmay_razor_zed, layout_rooms, minmay_temple_entry_crystal_x,
          minmay_between, uniq_ijyb
D:5:      corexii_shantytown, layout_rooms, serial_shops, shop, shop_fountains,
          uniq_pikel
Temple:   minmay_crystal_spiral_temple

Skill      XL: |  1  2  3  4  5  6  7 |
---------------+----------------------+-----
Fighting       | 4 5 6 7 |  7.4
Armour         | 4 5 7 |  7.3
Axes           | 3 |  3.9
Shields        | 4 |  4.6

Action                     |  1- 3 |  4- 6 |  7- 9 || total
---------------------------+-------+-------+-------++-------
  Melee: War axe           |   107 |    60 |   119 ||   286
         Unarmed           |       |       |    14 ||    14
    Use: Scroll            |       |       |     1 ||     1
 Armour: Scale mail        |    25 |       |       ||    25
         Plate armour      |    14 |    17 |    51 ||    82
         Skin              |       |       |     1 ||     1
  Dodge: Dodged            |    52 |    23 |    68 ||   143
  Block: Buckler           |    40 |    28 |    71 ||   139
         Reflection        |     1 |     1 |     3 ||     5
         Other             |       |       |     2 ||     2

Table legend: (Time is in decaauts)
 A = Elapsed time spent in this place.
 B = Non-inter-level travel time spent in this place.
 C = Inter-level travel time spent in this place.
 D = Time resting spent in this place.
 E = Time spent auto-exploring this place.
 F = Levels seen in this place.
 G = Mean time per level.
                   A        B        C        D        E       F      G
               +--------+--------+--------+--------+--------+-----+--------+
         Total |   4631 |   4236 |    395 |      0 |   3360 |   6 |  771.8 |
       Dungeon |   4348 |   4076 |    272 |      0 |   3230 |   5 |  869.6 |
        Temple |    282 |    159 |    123 |      0 |    130 |   1 |  282.0 |
               +--------+--------+--------+--------+--------+-----+--------+

Top non-repeatable levels by time:
     D:1: 1248 daAuts
     D:4: 1155 daAuts
     D:3: 798 daAuts
     D:2: 663 daAuts
     D:5: 482 daAuts
  Temple: 282 daAuts
